Map: Lock & Load

Players

MalK

  • Race: Zerg Zerg
  • Spawn Location: 6:00

NamroodTuo

  • Race: Zerg Zerg

VOD

Have the link to the VOD?

Description

Time

  • Played on: May 19, 2023, 2:25 p.m.
  • Length: 26:55
Show
View Real Time Build Order
Export as new Build Order

MalK Zerg 

Build Orders:  

Get SALT Encoding   

  12  0:03  Drone  
  13  0:23  Overlord  
  13  0:29  Drone  
  14  0:48  Drone x4  
  18  1:04  Roach Warren  
  17  1:14  Overlord  
  17  1:18  Drone  
  18  1:26  Extractor  
  18  1:28  Extractor  
  18  1:29  Drone  
  17  1:34  Drone  
  18  2:18  Roach x3  
  24  2:25  Drone x2  
  24  2:27  Overlord  
  26  2:32  Overlord  
  26  3:21  Lair  
  26  3:25  Drone x2  
  26  3:26  Drone x3  
  26  3:27  Drone  
  32  4:11  Drone x2  
  32  4:12  Drone x4  
  38  4:37  Hatchery  
  37  4:52  Roach  
  37  5:13  Roach  
  37  5:14  Brutalisk  
  37  5:31  Infestation Pit  
  37  5:35  Brutalisk  
  37  5:36  Drone  
  37  5:37  Drone x4  
  37  5:38  Drone x3, Evolution Chamber  
  43  5:41  Overlord, Evolution Chamber  
  42  6:12  Hive  
  42  6:23  Zerg Missile Weapons Level 1  
  42  6:27  Zerg Ground Armor Level 1  
  42  6:32  Deep Tunnel  
  42  7:14  Extractor  
  42  7:15  Extractor  
  42  7:18  Drone  
  42  7:19  Drone x3  
  44  7:22  Overlord x3  
  44  7:23  Overlord  
  44  8:38  Roach  
  44  9:00  Brutalisk  
  44  9:02  Pressurized Glands  
  44  9:03  Bio-Mechanical Transfusion  
  44  9:06  Incubation Chamber  
  44  9:13  Swarm Host x2  
  44  9:14  Swarm Host  
  44  9:15  Overlord  
  44  9:16  Overlord x4  
  44  9:17  Overlord x3  
  53  9:53  Swarm Host x2  
  53  9:58  Swarm Host  
  62  10:02  Zerg Missile Weapons Level 2  
  62  10:06  Zerg Ground Armor Level 2  
  62  10:25  Overlord x2  
  62  10:26  Overlord x2  
  62  10:41  Overseer x3  
  62  10:54  Queen x3  
  62  11:15  Queen  
  68  11:24  Queen  
  68  11:35  Unknown  
  70  11:45  Queen  
  72  12:21  Spire  
  72  12:26  Spire, Drone  
  72  12:27  Drone  
  68  12:52  Overlord x4  
  68  12:53  Overlord x4  
  68  13:17  Overlord  
  68  13:18  Overlord x4  
  68  13:21  Zerg Flyer Armor Level 1, Zerg Flyer Weapons Level 1  
  68  13:34  Roach x2  
  72  14:14  Roach  
  72  14:21  Roach  
  72  14:24  Zerg Ground Armor Level 3, Zerg Missile Weapons Level 3  
  72  14:36  Brutalisk  
  72  14:43  Brutalisk  
  72  15:04  Queen  
  72  15:05  Queen x3  
  72  15:12  Overseer x2  
  80  15:32  Mutalisk x2  
  80  15:33  Mutalisk  
  80  15:35  Queen, Overlord  
  80  15:36  Overlord x3  
  88  16:04  Zerg Flyer Armor Level 2, Zerg Flyer Weapons Level 2  
  88  16:17  Queen  
  88  16:18  Queen x2  
  88  16:19  Queen  
  96  18:18  Mutalisk  
  96  18:22  Mutalisk x2  
  96  18:46  Leviathan  
  96  18:50  Leviathan x2  
  96  19:06  Queen x2  
  96  19:22  Swarm Host x2  
  96  19:23  Swarm Host x5  
  96  19:24  Swarm Host  
  96  19:28  Overlord  
  96  19:29  Overlord x4  
  124  19:31  Swarm Host x2  
  130  20:47  Swarm Host x2  
  130  20:48  Swarm Host x3  
  145  21:18  Swarm Host x2  
  151  21:26  Overseer  
  151  22:15  Swarm Host x3  
  160  23:05  Swarm Host  
  160  23:06  Swarm Host x2  
Show
View Real Time Build Order
Export as new Build Order

NamroodTuo Zerg 

Build Orders:  

Get SALT Encoding   

  12  0:22  Infested Barracks  
  12  0:28  Infested SCV  
  13  0:35  Infested SCV  
  14  0:42  Infested SCV  
  15  0:52  Overlord  
  15  1:21  Infested SCV  
  15  1:25  Infestation Level 1  
  16  1:33  Infested Refinery  
  16  1:34  Infested SCV  
  16  1:39  Infested SCV  
  18  1:44  Infested SCV  
  19  1:56  Overlord  
  19  2:01  Infested SCV  
  20  2:13  Infested SCV  
  21  2:25  Infested SCV  
  22  2:47  Infested SCV  
  22  2:48  Infested Engineering Bay  
  23  2:53  Infested Refinery  
  23  2:58  Infested SCV  
  24  3:22  Infested Barracks Tech Lab  
  24  3:25  Anaerobic Enhancement  
  24  3:35  Infested SCV  
  24  3:36  Infested SCV  
  26  3:48  Infested Command Center  
  26  3:53  Infested SCV  
  27  4:04  Infested SCV  
  28  4:18  Overlord  
  28  4:42  Overlord  
  28  4:49  Infested Bunker  
  32  5:06  Infested SCV  
  33  5:13  Infestation Level 2  
  33  5:19  Infested SCV  
  34  5:23  Infested SCV  
  35  5:31  Stukov Infantry Weapons Level 1  
  35  6:06  Infested Bunker  
  35  6:07  Infested Command Center  
  39  6:22  Overlord  
  39  6:31  Infested SCV  
  39  6:36  Infested SCV  
  39  6:38  Infested SCV  
  42  6:45  Infested SCV  
  42  6:47  Infested SCV  
  44  6:52  Infested SCV, Infested Missile Turret  
  44  6:56  Infested SCV  
  44  6:57  Infested SCV  
  47  7:00  Infested SCV  
  47  7:03  Infested SCV  
  49  7:17  Infested Factory  
  49  7:19  Infested SCV  
  50  7:22  Infested SCV  
  50  7:24  Unknown  
  51  7:33  Broodling Gestation  
  51  7:36  Retinal Augmentation  
  55  8:09  Infested Bunker  
  55  8:11  Stukov Infantry Armor Level 1  
  55  8:26  Infested Bunker  
  58  9:22  Infested Armory  
  58  9:23  Infested SCV x2  
  58  9:26  Plagued Munitions  
  60  9:37  Infested Bunker  
  68  9:59  Overlord x3  
  68  10:00  Overlord x2, Infested Bunker  
  68  10:07  Infested SCV x2  
  70  10:11  Overlord  
  70  10:12  Overlord  
  70  10:48  Infested SCV x3  
  77  10:50  Infested Missile Turret  
  77  10:51  Stukov Infantry Weapons Level 2  
  77  11:00  Infested Refinery  
  77  11:08  Infested Marine  
  77  11:09  Infested Marine x13  
  91  11:18  Infested Bunker  
  91  11:20  Infested Barracks  
  95  12:23  Infested Bunker  
  93  12:47  Infestation Level 3  
  81  13:10  Infested Missile Turret  
  81  13:45  Infested Bunker  
  89  13:53  Infested SCV x4  
  89  13:58  Overlord  
  89  13:59  Aggressive Incubation  
  93  14:01  Regenerative Plating  
  93  14:13  Infested Refinery  
  93  14:23  Overseer x2  
  93  14:36  Infested Bunker  
  93  14:39  Overseer x5  
  93  14:45  Stukov Vehicle and Ship Armor Level 1  
  93  14:49  Infested Factory Tech Lab  
  93  15:01  Calcified Armor  
  93  15:38  Infested Marine  
  93  15:39  Infested Marine x6  
  100  15:44  Infested Marine  
  100  15:45  Infested Marine x18  
  100  15:46  Infested Marine x15  
  134  16:00  Stukov Infantry Armor Level 2  
  134  16:43  Overlord x3  
  134  16:44  Overlord x2  
  134  16:48  Overlord x4  
  134  16:49  Overlord  
  134  17:10  Infested Bunker  
  142  17:25  Stukov Vehicle and Ship Weapons Level 1  
  109  17:58  Infested Missile Turret  
  117  18:16  Infested Bunker  
  125  18:28  Infested Bunker  
  125  18:37  Overseer  
  125  18:38  Overseer x4  
  125  19:01  Infested SCV  
  125  19:02  Infested SCV  
  125  19:04  Infested Missile Turret  
  125  19:08  Infested SCV x3  
  130  19:10  Stukov Infantry Weapons Level 3  
  130  19:11  Infested Barracks  
  130  19:17  Infested Missile Turret  
  138  19:34  Infested Bunker  
  138  19:35  Infested Bunker  
  146  19:47  Infested Bunker  
  137  20:21  Infested Missile Turret  
  137  20:22  Infested Missile Turret  
  149  20:51  Infested Bunker x2  
  149  20:52  Infested Bunker  
  149  21:08  Infested Marine  
  149  21:09  Infested Marine x19  
  169  21:10  Infested Marine x17  
  169  21:11  Infested Marine x14  
  200  21:38  Infested Missile Turret  
  200  21:39  Infested Missile Turret  
  200  21:41  Infested Bunker  
  191  22:08  Infested Bunker  
  171  22:23  Infested Marine  
  171  22:24  Infested Marine x16  
  171  22:25  Infested Marine x4  
  185  22:31  Infested Bunker  
  156  23:10  Infested Marine x5  
  156  23:11  Infested Marine x17  
  156  23:18  Infested Missile Turret  
  171  23:49  Infested Missile Turret  
  156  25:39  Infested Bunker  
  156  26:25  Infested Missile Turret  
Tags
 
Commander
AbathurStukov
Matchup
Co-op
Replay Pack
Multiplayer
Add a new tag
Caveats
  • Supply blocks, unpowered buildings, or Contaminate may cause inaccurate times.
  • Supply counts are checked every 10 seconds.